 Dungeon Crawl Stone Soup version 0.26.1-11-gd32895ea62 (webtiles) character file.

Game seed: 13336126239046065925

67 Zeld the Chopper (level 3, 0/31 HPs)
             Began as a Minotaur Berserker on May 24, 2021.
             Was a Follower of Trog.
             Slain by an ogre
             ... wielding a +0 giant spiked club
              (15 damage)
             ... on level 4 of the Dungeon.
             The game lasted 00:02:14 (2026 turns).

Zeld the Chopper (Minotaur Berserker)               Turns: 2026, Time: 00:02:15

Health: 0/31       AC:  0    Str: 22    XL:     3   Next: 98%
Magic:  2/2        EV:  9    Int:  4    God:    Trog [*.....]
Gold:   61         SH:  7    Dex:  9    Spells: 2/2 levels left

rFire    . . .     SeeInvis .   a - +0 hand axe
rCold    . . .     Faith    .   d - +0 kite shield
rNeg     . . .     Spirit   .   (no armour)
rPois    .         Reflect  .   (helmet restricted)
rElec    .         Harm     .   (no cloak)
rCorr    .         Rampage  .   (no gloves)
Will     .....                  (no boots)
Stlth    +.........             (no amulet)
HPRegen  0.10/turn              (no ring)
MPRegen  0.08/turn              (no ring)

@: berserk cooldown, slowed, very slow
A: retaliatory headbutt, horns 2
a: Renounce Religion, Berserk


You were on level 4 of the Dungeon.
You worshipped Trog.
Trog was aware of your devotion.
You visited 1 branch of the dungeon, and saw 4 of its levels.

You collected 61 gold pieces.

Inventory:

Hand Weapons
 a - a +0 hand axe (weapon)
Armour
 d - a +0 kite shield (worn)
Jewellery
 j - a +6 ring of strength {unknown}
Scrolls
 c - a scroll of immolation {unknown}
 e - a scroll of enchant weapon {unknown}
 f - 3 scrolls of identify {unknown}
 g - a scroll of blinking {unknown}
 h - a scroll of amnesia {unknown}
Potions
 b - 3 potions of heal wounds {unknown}
 i - a potion of might {unknown}


   Skills:
 - Level 3.6 Fighting
 * Level 5.9 Axes
 - Level 2.4 Armour
 - Level 2.1 Dodging


You had 2 spell levels left.
You didn't know any spells.
Your spell library was empty.

Dungeon Overview and Level Annotations

Branches:
Dungeon (4/15)
 Temple: D:4-7

Altars:
Makhleb
Zin


Innate Abilities, Weirdness & Mutations

You reflexively headbutt those who attack you in melee.
You have a pair of horns on your head.


Message History

You hear the slow hiss of a very distant avalanche of sand.
You see here a whip.
An ogre comes into view. It is wielding a +0 giant spiked club.
The ogre shouts!
An ogre is nearby!
An ogre is nearby!
A red film seems to cover your vision as you go berserk!
You feel yourself moving faster!
You feel mighty!
You feel a strong urge to attack something.
You feel your anger nearly subside.
You are no longer berserk.
You are exhausted.
You feel yourself slow down.
The ogre hits you with a +0 giant spiked club!
Ouch! That really hurt!
You are too injured to fight recklessly!
You are too injured to fight recklessly!
You slash the ogre! You headbutt the ogre.
The ogre is heavily wounded.
The ogre hits you with a +0 giant spiked club!
You die...

#...#.....#
##..#.....#
####.....#
#(.).(#
#.....# .
+.....#
...####.....#
............#
.......@..<.#
.......O....#
............#
............#
............#
#######.....#
#.....#
#.....#


You could see an ogre.

Vanquished Creatures
  An adder (D:3)
  An ooze (D:1)
  A dart slug (D:1)
  A worm (D:3)
  A leopard gecko (D:3)
  An orc (D:3)
  10 goblins
  7 hobgoblins
  2 jackals (D:3)
  7 bats
  3 frilled lizards
  5 kobolds
  3 rats
43 creatures vanquished.

Notes
Turn   | Place    | Note
-------+----------+-------------------------------------------
     0 | D:1      | Zeld the Minotaur Berserker began the quest for the Orb.
     0 | D:1      | Reached XP level 1. HP: 19/19 MP: 0/0
    40 | D:1      | Reached skill level 4 in Axes
   285 | D:1      | Reached XP level 2. HP: 26/26 MP: 1/1
   714 | D:1      | Reached skill level 5 in Axes
  1216 | D:1      | Reached XP level 3. HP: 27/31 MP: 2/2
  1597 | D:3      | Reached ** piety under Trog
  1876 | D:3      | Found a burning altar of Makhleb.
  1880 | D:3      | Noticed an Executioner
  1883 | D:3      | Found a glowing silver altar of Zin.
  1883 | D:3      | Noticed an angel
  2021 | D:4      | Noticed an ogre
  2026 | D:4      | Slain by an ogre

Illustrated notes

Levels and vault maps discovered:
D:1:      dpeg_arrival_long_road, layout_basic, minmay_misc_feat_x
D:2:      layout_loops_ring, minmay_randomly_rotated_circles
D:3:      layout_rooms, grunt_temple_overflow_order_and_chaos_2, led_sif_pool
D:4:      layout_gridville, lemuel_crystal_altar, nicolae_ossuary_entry_giza,
          minmay_pentangle, uniq_eustachio

Skill      XL: |  1  2 |
---------------+-------+-----
Axes           | 4 5 |  5.9
Fighting       | |  3.6
Armour         | |  2.4
Dodging        | |  2.1

Action                   || total
-------------------------++-------
Melee: Hand axe          ||    97
       Headbutt          ||    14
Invok: Berserk           ||     4
       Trog's Hand       ||     1
 Stab: Sleeping          ||     1
Dodge: Dodged            ||    48
Block: Kite shield       ||    21
